TOP OF THE 1ST |
Marquette Miners batting - Pitching for Glendale Herons : LHP Yoriyoshi Yoshimura
|
Pitching: LHP Yoriyoshi Yoshimura
|
|
Batting: RHB Juan Tellado
|
0-0: Called Strike 0-1: Ball 1-1: Ball 2-1: Fly out, F9 (Flyball, 89M)
|
Batting: LHB Greg Gross
|
0-0: Ball 1-0: Foul Ball, location: 2F 1-1: Ball 2-1: Foul Ball, location: 2F 2-2: Foul Ball, location: 2F 2-2: Ground out 4-3 (Groundball, 34)
|
Batting: RHB Edgar Balerio
|
0-0: Called Strike 0-1: Ball 1-1: Ball 2-1: DOUBLE (Line Drive, 7LM)
|
Batting: RHB Manuel Rosales
|
0-0: Called Strike 0-1: Called Strike Passed Ball! Edgar Balerio to third 0-2: Foul Ball, location: 2F 0-2: Ball 1-2: Foul Ball, location: 2F 1-2: Ball Wild Pitch! Edgar Balerio scores 2-2: Foul Ball, location: 2F 2-2: Strikes out looking
|
Top of the 1st over - 1 run, 1 hit, 0 errors, 0 left on base; Marquette 1 - Glendale 0 |
BOTTOM OF THE 1ST |
Glendale Herons batting - Pitching for Marquette Miners : LHP Seymour Hummel
|
Pitching: LHP Seymour Hummel
|
|
Batting: RHB Luis Trevino
|
0-0: Ball 1-0: SINGLE (Line Drive, 34)
|
Batting: LHB Jin-song Seah
|
0-0: Called Strike 0-1: Ground out U3 (Groundball, 3) Luis Trevino to second
|
Batting: RHB Ellis Greenham
|
0-0: Ball 1-0: Called Strike 1-1: Swinging Strike 1-2: Ball 2-2: Strikes out looking
|
Batting: SHB Yun-qi Chien
|
0-0: Foul Ball, location: 2F 0-1: Ball 1-1: Ball 2-1: Swinging Strike 2-2: Ball 3-2: Foul Ball, location: 2F 3-2: Foul Ball, location: 2F 3-2: Foul Ball, location: 2F 3-2: Base on Balls
|
Batting: RHB Francisco Guerra
|
0-0: Called Strike 0-1: Ball 1-1: Swinging Strike 1-2: Fly out, F9 (Line Drive, 9)
|
Bottom of the 1st over - 0 runs, 1 hit, 0 errors, 2 left on base; Marquette 1 - Glendale 0 |
TOP OF THE 2ND |
Marquette Miners batting - Pitching for Glendale Herons : LHP Yoriyoshi Yoshimura
|
Batting: LHB Shelby Noonan
|
0-0: Ball 1-0: Called Strike 1-1: Foul Ball, location: 2F 1-2: Hit by Pitch
|
Batting: RHB Sameen Shaw
|
0-0: Ball 1-0: Ground out U3 (Groundball, 2R) Shelby Noonan to second
|
Batting: LHB Dong-hwan Yun
|
0-0: Called Strike 0-1: Ball 1-1: Ball 2-1: Foul Ball, location: 2F 2-2: Strikes out swinging
|
Batting: RHB Ryan French
|
0-0: Ball 1-0: Ball 2-0: Ball 3-0: Called Strike 3-1: Called Strike 3-2: Strikes out looking
|
Top of the 2nd over - 0 runs, 0 hits, 0 errors, 1 left on base; Marquette 1 - Glendale 0 |
BOTTOM OF THE 2ND |
Glendale Herons batting - Pitching for Marquette Miners : LHP Seymour Hummel
|
Batting: RHB Michael Sweeney
|
0-0: Called Strike 0-1: Ball 1-1: Swinging Strike 1-2: Ball 2-2: Ball 3-2: Base on Balls
|
Batting: RHB Hatui Haunani
|
0-0: Called Strike 0-1: Ball 1-1: Ball 2-1: Foul Ball, location: 2F 2-2: Grounds into double play, 6-4-3 (Groundball, 56)
|
Batting: LHB Su-wu Xiao
|
0-0: Foul Ball, location: 2F 0-1: Foul Ball, location: 2F 0-2: SINGLE (Flyball, 9LM)
|
Batting: LHB Xu Cheng
|
0-0: Called Strike Su-wu Xiao is caught stealing 2nd base
|
Bottom of the 2nd over - 0 runs, 1 hit, 0 errors, 0 left on base; Marquette 1 - Glendale 0 |
TOP OF THE 3RD |
Marquette Miners batting - Pitching for Glendale Herons : LHP Yoriyoshi Yoshimura
|
Batting: LHB Francisco Alfaro
|
0-0: Called Strike 0-1: Fly out, F8 (Line Drive, 8LM)
|
Batting: RHB Juan Tellado
|
0-0: Foul Ball, location: 2F 0-1: Called Strike 0-2: Ball 1-2: Ball 2-2: Foul Ball, location: 2F 2-2: Fly out, F9 (Flyball, 9S)
|
Batting: LHB Greg Gross
|
0-0: Ground out 6-3 (Groundball, 6)
|
Top of the 3rd over - 0 runs, 0 hits, 0 errors, 0 left on base; Marquette 1 - Glendale 0 |
BOTTOM OF THE 3RD |
Glendale Herons batting - Pitching for Marquette Miners : LHP Seymour Hummel
|
Batting: LHB Xu Cheng
|
0-0: Foul Ball, location: 2F 0-1: Foul Ball, location: 2F 0-2: Ball 1-2: Foul Ball, location: 2F 1-2: Ball 2-2: Strikes out swinging
|
Batting: RHB Luis Trevino
|
0-0: Ball 1-0: Called Strike 1-1: Ball 2-1: Foul Ball, location: 2F 2-2: Ball 3-2: Base on Balls
|
Batting: LHB Jin-song Seah
|
0-0: Ball Luis Trevino steals 2nd base 1-0: Foul Ball, location: 2F 1-1: Ball 2-1: Ground out 1-3 (Groundball, 13S) Luis Trevino to third
|
Batting: RHB Ellis Greenham
|
0-0: Foul Ball, location: 2F 0-1: Ball 1-1: Ball 2-1: Foul Ball, location: 2F 2-2: Ball 3-2: Foul Ball, location: 2F 3-2: Base on Balls
|
Batting: SHB Yun-qi Chien
|
0-0: Ball 1-0: Ground out 4-3 (Groundball, 4)
|
Bottom of the 3rd over - 0 runs, 0 hits, 0 errors, 2 left on base; Marquette 1 - Glendale 0 |
TOP OF THE 4TH |
Marquette Miners batting - Pitching for Glendale Herons : LHP Yoriyoshi Yoshimura
|
Batting: RHB Edgar Balerio
|
0-0: Called Strike 0-1: Called Strike 0-2: Strikes out swinging
|
Batting: RHB Manuel Rosales
|
0-0: Ball 1-0: Ball 2-0: Called Strike 2-1: Swinging Strike 2-2: Foul Ball, location: 2F 2-2: Foul Ball, location: 2F 2-2: Ball 3-2: Foul Ball, location: 2F 3-2: Base on Balls
|
Batting: LHB Shelby Noonan
|
0-0: Ball 1-0: Called Strike 1-1: Ball Wild Pitch! Manuel Rosales to second 2-1: SINGLE (Flyball, 8LS) - OUT at second base trying to stretch hit. Manuel Rosales scores
|
Batting: RHB Sameen Shaw
|
0-0: Ball 1-0: Ball 2-0: Ball 3-0: Called Strike 3-1: Swinging Strike 3-2: Strikes out swinging
|
Top of the 4th over - 1 run, 1 hit, 0 errors, 0 left on base; Marquette 2 - Glendale 0 |
BOTTOM OF THE 4TH |
Glendale Herons batting - Pitching for Marquette Miners : LHP Seymour Hummel
|
Batting: RHB Francisco Guerra
|
0-0: Ball 1-0: Ground out 4-3 (Groundball, 4)
|
Batting: RHB Michael Sweeney
|
0-0: Ball 1-0: SINGLE (Flyball, 7LS)
|
Batting: RHB Hatui Haunani
|
0-0: Ball 1-0: Foul Ball, location: 2F 1-1: Foul Ball, location: 2F 1-2: Foul Ball, location: 2F 1-2: Ball 2-2: Ball 3-2: Foul Ball, location: 2F 3-2: Foul Ball, location: 2F 3-2: Foul Ball, location: 2F 3-2: Fly out, F9 (Flyball, 9LM)
|
Batting: LHB Su-wu Xiao
|
0-0: Ball 1-0: Ball 2-0: Fly out, F4 (Line Drive, 4)
|
Bottom of the 4th over - 0 runs, 1 hit, 0 errors, 1 left on base; Marquette 2 - Glendale 0 |
TOP OF THE 5TH |
Marquette Miners batting - Pitching for Glendale Herons : LHP Yoriyoshi Yoshimura
|
Batting: LHB Dong-hwan Yun
|
0-0: Ball 1-0: Called Strike 1-1: SINGLE (Flyball, 7S)
|
Batting: RHB Ryan French
|
0-0: Fly out, F8 (Line Drive, 78M)
|
Batting: LHB Francisco Alfaro
|
0-0: Ball 1-0: Ground out U3 (Groundball, 34S) Dong-hwan Yun to second
|
Batting: RHB Juan Tellado
|
0-0: Ball 1-0: Ball 2-0: Swinging Strike 2-1: Ball 3-1: Base on Balls
|
Batting: LHB Greg Gross
|
0-0: Ball 1-0: Called Strike 1-1: Ball 2-1: Ball 3-1: Base on Balls Dong-hwan Yun to third Juan Tellado to second
|
Batting: RHB Edgar Balerio
|
0-0: Called Strike 0-1: SINGLE (Groundball, 6MD) Dong-hwan Yun scores Juan Tellado to third Greg Gross to second Runner from 3rd tries for Home, SAFE, no throw
|
Batting: RHB Manuel Rosales
|
0-0: Called Strike 0-1: Ball 1-1: Called Strike 1-2: Foul Ball, location: 2F 1-2: Strikes out swinging
|
Top of the 5th over - 2 runs, 2 hits, 0 errors, 2 left on base; Marquette 4 - Glendale 0 |
BOTTOM OF THE 5TH |
Glendale Herons batting - Pitching for Marquette Miners : LHP Seymour Hummel
|
Batting: LHB Xu Cheng
|
0-0: Swinging Strike 0-1: Ball 1-1: Foul Ball, location: 2F 1-2: Ground out 4-3 (Groundball, 4M)
|
Batting: RHB Luis Trevino
|
0-0: Foul Ball, location: 2F 0-1: Foul Ball, location: 2F 0-2: Foul Ball, location: 2F 0-2: Ball 1-2: SINGLE (Line Drive, 6MD)
|
Batting: LHB Jin-song Seah
|
0-0: Called Strike 0-1: Swinging Strike 0-2: Ground out 4-3 (Groundball, 34) Luis Trevino to second
|
Batting: RHB Ellis Greenham
|
0-0: Ball 1-0: SINGLE (Groundball, 56D) Luis Trevino to third Runner from 3rd tries for Home, throw and OUT!
|
Bottom of the 5th over - 0 runs, 2 hits, 0 errors, 1 left on base; Marquette 4 - Glendale 0 |
TOP OF THE 6TH |
Marquette Miners batting - Pitching for Glendale Herons : LHP Yoriyoshi Yoshimura
|
Batting: LHB Shelby Noonan
|
0-0: Called Strike 0-1: Ball 1-1: Ball 2-1: Ground out 1-3 (Groundball, 13)
|
Batting: RHB Sameen Shaw
|
0-0: Fly out, F7 (Flyball, 7)
|
Batting: LHB Dong-hwan Yun
|
0-0: Ground out U3 (Groundball, 3)
|
Top of the 6th over - 0 runs, 0 hits, 0 errors, 0 left on base; Marquette 4 - Glendale 0 |
BOTTOM OF THE 6TH |
Glendale Herons batting - Pitching for Marquette Miners : LHP Seymour Hummel
|
Batting: SHB Yun-qi Chien
|
0-0: Ball 1-0: Ball 2-0: Ball 3-0: Called Strike 3-1: Single, Error in OF, E8, batter to second base
|
Batting: RHB Francisco Guerra
|
0-0: Ground out 6-3 (Groundball, 6) Yun-qi Chien to third
|
Batting: RHB Michael Sweeney
|
0-0: Ball 1-0: Called Strike 1-1: Foul Ball, location: 2F 1-2: Strikes out swinging
|
Batting: RHB Hatui Haunani
|
0-0: Ball 1-0: Ball 2-0: Ball 3-0: Foul Ball, location: 2F 3-1: Called Strike 3-2: Base on Balls
|
Batting: LHB Su-wu Xiao
|
0-0: Ball 1-0: Ground out 4-3 (Groundball, 4)
|
Bottom of the 6th over - 0 runs, 1 hit, 1 error, 2 left on base; Marquette 4 - Glendale 0 |
TOP OF THE 7TH |
Marquette Miners batting - Pitching for Glendale Herons : LHP Yoriyoshi Yoshimura
|
Batting: RHB Ryan French
|
0-0: Ball 1-0: Ground out 4-3 (Groundball, 34)
|
Batting: LHB Francisco Alfaro
|
0-0: Foul Ball, location: 2F 0-1: Ball 1-1: Foul Ball, location: 2F 1-2: Ball 2-2: Foul Ball, location: 2F 2-2: Foul Ball, location: 2F 2-2: Strikes out looking
|
Batting: RHB Juan Tellado
|
0-0: Ball 1-0: Foul Ball, location: 2F 1-1: Foul Ball, location: 2F 1-2: Ground out 6-3 (Groundball, 6MS)
|
Top of the 7th over - 0 runs, 0 hits, 0 errors, 0 left on base; Marquette 4 - Glendale 0 |
BOTTOM OF THE 7TH |
Glendale Herons batting - Pitching for Marquette Miners : LHP Seymour Hummel
|
Batting: LHB Xu Cheng
|
0-0: Ball 1-0: SINGLE (Line Drive, 8LS)
|
Pitching: RHP Esteban Ramos
|
|
Batting: RHB Luis Trevino
|
0-0: Swinging Strike 0-1: SINGLE (Line Drive, 4D) Xu Cheng to second
|
Batting: LHB Jin-song Seah
|
0-0: SINGLE (Flyball, 9LS) Xu Cheng to third Luis Trevino to second
|
Batting: RHB Ellis Greenham
|
0-0: Ball 1-0: Ball 2-0: Called Strike 2-1: Foul Ball, location: 2F 2-2: DOUBLE (Line Drive, 7LD) Xu Cheng scores Luis Trevino scores Jin-song Seah to third
|
Batting: SHB Yun-qi Chien
|
0-0: Ball 1-0: Ground out 4-3 (Groundball, 4)
|
Batting: RHB Francisco Guerra
|
0-0: Ball 1-0: Called Strike 1-1: Ball 2-1: SINGLE (Flyball, 89M) Jin-song Seah scores Ellis Greenham to third
|
Batting: RHB Michael Sweeney
|
0-0: Ball 1-0: Called Strike 1-1: Swinging Strike 1-2: Ball 2-2: Foul Ball, location: 2F 2-2: Ball 3-2: Strikes out swinging
|
Batting: RHB Hatui Haunani
|
0-0: Swinging Strike 0-1: Foul Ball, location: 2F 0-2: Ball 1-2: Foul Ball, location: 2F 1-2: Ground out 4-3 (Groundball, 4)
|
Bottom of the 7th over - 3 runs, 5 hits, 0 errors, 2 left on base; Marquette 4 - Glendale 3 |
TOP OF THE 8TH |
Marquette Miners batting - Pitching for Glendale Herons : LHP Yoriyoshi Yoshimura
|
Pitching: RHP Víctor Torres
|
|
Batting: LHB Greg Gross
|
0-0: Called Strike 0-1: Foul Ball, location: 2F 0-2: Ball 1-2: Foul Ball, location: 2F 1-2: Foul Ball, location: 2F 1-2: Ball 2-2: Foul Ball, location: 2F 2-2: Foul Ball, location: 2F 2-2: Foul Ball, location: 2F 2-2: Ball 3-2: Ground out 6-3 (Groundball, 6)
|
Batting: RHB Edgar Balerio
|
0-0: Fly out, F4 (Popup, 34S)
|
Batting: RHB Manuel Rosales
|
0-0: Swinging Strike 0-1: SINGLE (Line Drive, 8LS)
|
Batting: LHB Shelby Noonan
|
0-0: Called Strike 0-1: Swinging Strike 0-2: Ball 1-2: Ball 2-2: Strikes out looking
|
Top of the 8th over - 0 runs, 1 hit, 0 errors, 1 left on base; Marquette 4 - Glendale 3 |
BOTTOM OF THE 8TH |
Glendale Herons batting - Pitching for Marquette Miners : RHP Esteban Ramos
|
Now in RF: Dale Miller
|
|
Batting: LHB Su-wu Xiao
|
0-0: Ball 1-0: Fly out, F7 (Flyball, 7D)
|
Batting: LHB Xu Cheng
|
0-0: Ball 1-0: Ball 2-0: Ball 3-0: Called Strike 3-1: Swinging Strike 3-2: Strikes out looking
|
Batting: RHB Luis Trevino
|
0-0: Foul Ball, location: 2F 0-1: Ball 1-1: SINGLE (Line Drive, 56D)
|
Pitching: LHP Chiel Abspoel
|
|
Batting: LHB Jin-song Seah
|
0-0: Called Strike 0-1: Ball 1-1: Called Strike 1-2: Foul Ball, location: 2F 1-2: SINGLE (Groundball, 3S) (infield hit) Luis Trevino to second
|
Batting: RHB Ellis Greenham
|
0-0: Foul Ball, location: 2F 0-1: Ball 1-1: Swinging Strike 1-2: Ball 2-2: Strikes out swinging
|
Bottom of the 8th over - 0 runs, 2 hits, 0 errors, 2 left on base; Marquette 4 - Glendale 3 |
TOP OF THE 9TH |
Marquette Miners batting - Pitching for Glendale Herons : RHP Víctor Torres
|
Batting: RHB Sameen Shaw
|
0-0: Ball 1-0: SINGLE (Groundball, 6) (infield hit)
|
Batting: LHB Dong-hwan Yun
|
0-0: Ball 1-0: Called Strike 1-1: Swinging Strike 1-2: Foul Ball, location: 2F 1-2: Strikes out swinging
|
Pinch Hitting: SHB Norm Singletary
|
0-0: Ball 1-0: Foul Ball, location: 2F 1-1: Swinging Strike 1-2: Strikes out swinging
|
Batting: LHB Francisco Alfaro
|
0-0: Called Strike 0-1: Ball 1-1: Ball 2-1: Fly out, F7 (Line Drive, 78M)
|
Top of the 9th over - 0 runs, 1 hit, 0 errors, 1 left on base; Marquette 4 - Glendale 3 |
BOTTOM OF THE 9TH |
Glendale Herons batting - Pitching for Marquette Miners : LHP Chiel Abspoel
|
Now at C: Aurelio Ramos
|
|
Batting: SHB Yun-qi Chien
|
0-0: Ball 1-0: Foul Ball, location: 2F 1-1: Foul Ball, location: 2F 1-2: Ball 2-2: Foul Ball, location: 2F 2-2: Strikes out swinging
|
Batting: RHB Francisco Guerra
|
0-0: Ball 1-0: Ball 2-0: Ball 3-0: Base on Balls
|
Batting: RHB Michael Sweeney
|
0-0: Foul Ball, location: 2F 0-1: Ball 1-1: Grounds into double play, 6-4-3 (Groundball, 6)
|
Bottom of the 9th over - 0 runs, 0 hits, 0 errors, 0 left on base; Marquette 4 - Glendale 3 |
|